 Dungeon Crawl Stone Soup version 0.28.0-43-g3370ac3207 (webtiles) character file.

Game seed: 3670576381200163450

407 Woods the Chiller (level 6, -3/32 HPs)
             Began as a Gargoyle Ice Elementalist on Mar 5, 2022.
             Slain by an orc warrior
             ... wielding a +0 trident
              (11 damage)
             ... on level 3 of the Dungeon.
             The game lasted 00:07:47 (4021 turns).

Woods the Chiller (Gargoyle Ice Elementalist)       Turns: 4021, Time: 00:07:48

Health: -3/32      AC: 18    Str: 11    XL:     6   Next: 88%
Magic:  7/13       EV: 12    Int: 18    God:
Gold:   88         SH:  0    Dex: 10    Spells: 7/14 levels left

rFire   . . .      SeeInvis .   j - +3 quarterstaff (chaos)
rCold   . . .      Faith    .   (shield currently unavailable)
rNeg    + . .      Spirit   .   a - +0 robe
rPois   ∞          Reflect  .   (no helmet)
rElec   +          Harm     .   i - +2 cloak
rCorr   .          Rampage  .   (no gloves)
Will    .....                   g - +1 pair of boots
Stlth   ++........              (no amulet)
HPRegen 0.10/turn               (no ring)
MPRegen 0.13/turn               (no ring)

@: ice-armoured, freezing walls, attractive
A: sickness immunity, AC +4, negative energy resistance 1, electricity
resistance, torment resistance 1, petrification resistance
a: no special abilities


You were on level 3 of the Dungeon.
You visited 1 branch of the dungeon, and saw 3 of its levels.

You collected 88 gold pieces.

Inventory:

Hand Weapons
 j - a +3 quarterstaff of chaos (weapon)
Armour
 a - a +0 robe (worn)
 g - a +1 pair of boots (worn)
 i - a +2 cloak (worn)
Scrolls
 b - 3 scrolls of identify (quivered)
 d - a scroll of silence {unknown}
 k - a scroll of immolation {unknown}
Potions
 c - 2 potions of mutation
 e - a potion of brilliance
 h - a potion of heal wounds {unknown}
 l - a potion of haste {unknown}
 m - a potion of berserk rage {unknown}


   Skills:
 - Level 1.9 Dodging
 - Level 2.6 Stealth
 + Level 4.8 Spellcasting
 - Level 6.0 Ice Magic


You had 7 spell levels left.
You knew the following spells:

 Your Spells              Type           Power      Damage    Failure   Level
a - Freeze                Ice            100%       1d11      1%          1
b - Frozen Ramparts       Ice            50%        1d7       3%          3
c - Ozocubu's Armour      Ice            25%        N/A       3%          3

Your spell library contained the following spells:

 Spells                   Type           Power      Damage    Failure   Level
 Animate Skeleton         Necr           8%         N/A       14%         1
 Apportation              Tloc           8%         N/A       14%         1
 Magic Dart               Conj           16%        1d3       14%         1
 Summon Small Mammal      Summ           16%        N/A       14%         1
 Searing Ray              Conj           8%         2d4       21%         2
 Hailstorm                Conj/Ice       15%        3d5       36%         4
 Fulminant Prism          Conj/Hex       2%         3d6       80%         4


Dungeon Overview and Level Annotations

Branches:
Dungeon (3/15)

Altars:


Innate Abilities, Weirdness & Mutations

You are immune to sickness and miasma.
Your stone body is resilient. (AC +4)
You are immune to poison.
You resist negative energy. (rN+)
You are resistant to electric shocks. (rElec)
You are resistant to unholy torment.
You are immune to petrification.


Message History

You freeze the endoplasm.
You kill the endoplasm!
Found a stone staircase leading down.
An orc warrior is nearby!
An orc warrior is nearby!
Found a stone staircase leading up.
Found a pair of boots.
m - a dark potion
There are no items here.
An orc warrior is nearby!
The orc warrior shouts!
The orc warrior misses you.
An orc warrior is nearby!
The orc warrior hits you from afar with a +0 trident!
Casting: Freeze (safe; 1% risk of failure)
Confirm with . or Enter, or press ? or * to list all spells.
Casting: Frozen Ramparts (dangerous; 3% risk of failure)
Press: ? - help, Dir - look around, f - activate The walls around you are covered in ice.
The wall freezes the orc warrior.
Casting: Frozen Ramparts (dangerous; 3% risk of failure)
Confirm with . or Enter, or press ? or * to list all spells.
A film of ice covers your body!
The wall freezes the orc warrior.
The orc warrior misses you.
The wall freezes the orc warrior.
The orc warrior closely misses you.
The wall freezes the orc warrior.
The orc warrior hits you from afar with a +0 trident!
Ouch! That really hurt!
* * * LOW HITPOINT WARNING * * *
As you read the scroll labelled XECETW NITHU, it crumbles to dust.
It is a scroll of identify.
c - 2 potions of mutation The wall freezes the orc warrior.
The orc warrior hits you from afar with a +0 trident.
* * * LOW HITPOINT WARNING * * *
It was a potion of attraction.
You feel attractive to monsters.
The wall freezes the orc warrior.
The orc warrior hits you from afar with a +0 trident!
You die...

##########
#........#
#........#
#@.o.....#########
######............
##...#....###
#####..........##
......(..........#
....>............#
..................
.....#..........##
.<..[##....#...##


You could see an orc warrior.

Vanquished Creatures
  A necrophage (D:3)
  Crazy Yiuf (D:2)
  An orc wizard (D:3)
  Natasha (thrice) (D:2)
  Robin (D:2)
  7 gnolls (D:2)
  4 adders
  A worm (D:3)
  An orc (D:3)
  8 endoplasms
  2 giant cockroaches
  11 goblins
  3 hobgoblins
  7 jackals (D:1)
  11 kobolds
  3 quokkas (D:1)
  4 ball pythons
  4 bats (D:1)
  5 frilled lizards
  8 rats
86 creatures vanquished.

Notes
Turn   | Place    | Note
-------+----------+-------------------------------------------
     0 | D:1      | Woods the Gargoyle Ice Elementalist began the quest for the
                  | Orb.
     0 | D:1      | Reached XP level 1. HP: 10/10 MP: 3/3
   210 | D:1      | Reached XP level 2. HP: 15/15 MP: 1/5
   795 | D:1      | Reached XP level 3. HP: 17/19 MP: 0/6
  1054 | D:1      | Learned a level 3 spell: Frozen Ramparts
  1129 | D:1      | Learned a level 3 spell: Ozocubu's Armour
  2014 | D:2      | Reached XP level 4. HP: 22/24 MP: 5/8
  2241 | D:2      | Found a faded altar of an unknown god.
  2258 | D:2      | Noticed Natasha
  2267 | D:2      | Killed Natasha
  2513 | D:2      | Reached skill level 5 in Ice Magic
  2513 | D:2      | Reached XP level 5. HP: 22/28 MP: 2/10
  2680 | D:2      | Noticed Robin
  2702 | D:2      | Killed Robin
  2865 | D:2      | Noticed Natasha
  2872 | D:2      | Killed Natasha
  2940 | D:2      | Noticed Natasha
  2942 | D:2      | Killed Natasha
  2943 | D:2      | Reached XP level 6. HP: 32/32 MP: 6/12
  3253 | D:2      | Found a runed translucent door.
  3254 | D:2      | Noticed Crazy Yiuf
  3321 | D:2      | Killed Crazy Yiuf
  3568 | D:3      | Noticed a necrophage
  3574 | D:3      | Killed a necrophage
  3575 | D:3      | Reached skill level 6 in Ice Magic
  3906 | D:3      | Noticed an orc warrior
  4021 | D:3      | Slain by an orc warrior

Illustrated notes

Levels and vault maps discovered:
D:1:      co_arrival_square_in_a_square_in_a_square, layout_basic
D:2:      layout_loops_ring, dreamdust_ecumenical_altar_angels_and_demons,
          uniq_robin, uniq_crazy_yiuf_cottage, uniq_natasha
D:3:      layout_rooms

Skill      XL: |  1  2  3  4  5  6 |
---------------+-------------------+-----
Spellcasting   | 3 4 |  4.8
Ice Magic      | 5 6 |  6.0
Dodging        | |  1.9
Stealth        | |  2.6

Action                   |  1- 3 |  4- 6 || total
-------------------------+-------+-------++-------
Melee: Unarmed           |     4 |     6 ||    10
       Quarterstaff      |       |     6 ||     6
 Cast: Freeze            |    59 |    28 ||    87
       Frozen Ramparts   |     1 |    19 ||    20
       Ozocubu's Armour  |       |     4 ||     4
  Use: Scroll            |       |     1 ||     1
       Potion            |       |     1 ||     1
Armor: Robe              |    15 |    15 ||    30
Dodge: Dodged            |    33 |    16 ||    49
